 Dungeon Crawl Stone Soup version 0.31-a0-859-g9dce7d3444 (webtiles) character file.

Game seed: 15587686416478369878

25860 jasper the Nimble (level 12, -20/112 HPs)
             Began as a Deep Elf Berserker on Oct 9, 2023.
             Was a Priest of Trog.
             Demolished by an ogre
             ... wielding a +0 giant club
              (27 damage)
             ... on level 2 of the Orcish Mines.
             The game lasted 00:33:30 (19217 turns).

jasper the Nimble (Deep Elf Berserker)             Turns: 19217, Time: 00:33:30

Health: -20/112    AC:  3    Str: 17    XL:     12   Next: 93%
Magic:  14/14      EV: 20    Int: 18    God:    Trog [***...]
Gold:   1060       SH:  5    Dex: 24    Spells: 11/11 levels left

rFire   . . .        h - +1 short sword (protect)
rCold   + . .        (no shield)
rNeg    + + .        W - quicksilver dragon scales
rPois   +            v - +0 helmet
rElec   .            H - +1 cloak
rCorr   .            f - +1 pair of gloves
SInv    .            e - +1 pair of boots
Will    ++...        S - amulet of Gozag's Fury {Reflect rPois rN+ Int+4 SH+5} Stlth
                     q - ring of the Queen {rN+ Str+3}
HPRegen 0.38/turn    Y - ring "Mufuw" {rC+ Dex+6}
MPRegen 0.14/turn

%: reflection
@: berserking (expiring), corroded, under a protective aura, very quick
A: no striking features
a: Renounce Religion, Berserk, Trog's Hand


You were on level 2 of the Orcish Mines.
You worshipped Trog.
Trog was most pleased with you.
You visited 3 branches of the dungeon, and saw 15 of its levels.
You also visited: Gauntlet.

You collected 1454 gold pieces.
You spent 394 gold pieces at shops.

Inventory:

Hand Weapons
 h - a +1 short sword of protection (weapon)
 T - a +3 short sword
Missiles
 d - 72 stones
 j - 6 javelins
 l - 10 boomerangs (quivered)
 u - a throwing net
 J - a curare-tipped dart
 K - 10 poisoned darts
 L - 7 atropa-tipped darts
 N - 5 silver javelins
Armour
 e - a +1 pair of boots (worn)
 f - a +1 pair of gloves (worn)
 p - +3 fire dragon scales
 v - a +0 helmet (worn)
 H - a +1 cloak (worn)
 W - quicksilver dragon scales (worn)
Jewellery
 q - the ring of the Queen (left hand) {rN+ Str+3}
   (You bought it in a shop on level 11 of the Dungeon)

   [ring of positive energy]

   Str+3:     It affects your strength (+3).
   rN+:       It protects you from negative energy.
 S - the amulet of Gozag's Fury (around neck) {Reflect rPois rN+ Int+4 SH+5}
   (You found it in a Gauntlet)

   [amulet of reflection]

   Reflect:   It reflects blocked missile attacks.
   Int+4:     It affects your intelligence (+4).
   rPois:     It protects you from poison rN+: It protects you from negative
   energy.
   SH+5:      It affects your SH (+5).
 Y - the ring "Mufuw" (right hand) {rC+ Dex+6}
   (You found it on level 9 of the Dungeon)

   [ring of protection from cold]

   Dex+6:     It affects your dexterity (+6).
   rC+:       It protects you from cold.
Wands
 i - a wand of flame (12)
 C - a wand of digging (9)
 D - a wand of light (5)
 F - a wand of charming (9)
 R - a wand of polymorph (4)
Scrolls
 a - a scroll of enchant weapon
 g - 4 scrolls of blinking
 m - a scroll of poison
 s - a scroll of vulnerability
 x - 3 scrolls of fog
 O - a scroll of immolation
 P - 2 scrolls of revelation
 X - a scroll of silence
 Z - a scroll of teleportation
Potions
 b - 2 potions of degeneration
 c - 2 potions of mutation
 k - 2 potions of attraction
 n - a potion of curing
 o - a potion of haste
 r - 3 potions of resistance
 w - 3 potions of magic
 z - a potion of ambrosia
 A - 4 potions of berserk rage
 B - a potion of lignification
 E - 3 potions of brilliance
 G - a potion of cancellation
 I - 2 potions of enlightenment
 U - 4 potions of heal wounds
 V - a potion of invisibility {unknown}
Miscellaneous
 t - a box of beasts (inert)
 y - a condenser vane (inert)


   Skills:
 + Level 8.4 Fighting
 - Level 10.0 Short Blades
 - Level 5.0 Throwing
 + Level 8.2 Armour
 + Level 11.6 Dodging
 - Level 10.0 Stealth
 + Level 7.7 Evocations


You had 11 spell levels left.
You didn't know any spells.
Your spell library was empty.

Dungeon Overview and Level Annotations

Branches:
Dungeon (11/15)            Temple (0/1) D:4            Lair (2/5) D:11
    Orc (2/2) D:9         Gauntlet (visited)
  Swamp: Lair:2-3    Shoals: Lair:2-3     Snake: Lair:2-3    Spider: Lair:2-3
    Elf: Orc:2

Altars:
Elyvilon
Gozag
Okawaru
Vehumet
Xom

Shops:
D:1 *   D:11 *


Message History

The orc warrior misses you.
The orc sorcerer's eyes start to glow.
The orc sorcerer hits you but does no damage.
You hit the orc sorcerer.
You kill the orc sorcerer!
Trog accepts your kill.
Trog appreciates your killing of a magic user.
Your life force feels restored.
You hit the ogre but do no damage. You barely miss the ogre.
You block the orc warrior's attack.
The ogre hits you with a +0 giant club!!
You take 18 damage, and have 44/112 hp.
You completely miss the ogre. You hit the ogre but do no damage.
Your skin stops crawling.
You feel less strong-willed.
You hit the ogre but do no damage.
The orc warrior hits you with a +0 battleaxe!!
* * * LOW HITPOINT WARNING * * *
You take 17 damage, and have 27/112 hp.
You hit the ogre but do no damage. The ogre completely misses you.
You hit the ogre but do no damage. You block the orc warrior's attack.
You puncture the ogre!
The ogre is heavily wounded.
You hit the ogre.
The ogre is heavily wounded.
You hit the ogre but do no damage.
The ogre is heavily wounded.
The ogre closely misses you.
The orc warrior hits you with a +0 battleaxe!!
* * * LOW HITPOINT WARNING * * *
You take 21 damage, and have 6/112 hp.
You barely miss the ogre.
The ogre is heavily wounded.
The orc warrior attacks as it pursues you!
You block the orc warrior's attack.
Things that are here:
a +0 dagger; a +2 robe of fire resistance You feel a strong urge to attack something.
The ogre hits you with a +0 giant club!!
You die...

..... ##........
......##.........
...............
#............ #.........#
#......[.# #.......# ..
##...[.)## ##....
###..O@..[[# ##.......
#.#.o).....###........
####..........##.......#
#.....................##
#......#.#.............#
#......#.##............#
##.....)####..........#
#........###..........#####
##......................#..


You could see an orc warrior and an ogre.

Vanquished Creatures
  A minotaur (Gauntlet)
  2 hydras
  A boulder beetle (Lair:1)
  2 orc high priests (Orc:2)
  Pikel (D:6)
  2 orc knights
  4 orc sorcerers
  An elephant (D:11)
  2 black mambas (Lair:1)
  4 cane toads (Lair:1)
  A gargoyle (Gauntlet)
  2 unseen horrors (D:11)
  3 komodo dragons
  5 trolls
  A hornet (D:10)
  Sigmund (D:6)
  A wyvern (Lair:1)
  A shadow (D:11)
  A wraith (D:9)
  22 yaks
  2 basilisks (Lair:2)
  2 vampire mosquitoes
  2 steam dragons
  8 wargs
  Menkaure (D:5)
  6 water moccasins
  4 black bears
  9 orc warriors
  An ice beast (D:7)
  2 sky beasts (D:8)
  2 ogres
  9 wolves
  2 centaurs (D:9)
  2 phantoms
  2 kobold brigands
  5 bullfrogs
  2 scorpions
  17 wights
  18 killer bees
  2 howler monkeys
  5 hounds
  3 jellies
  Crazy Yiuf (D:5)
  8 orc priests
  2 gnoll boudas
  A sleepcap (D:4)
  An iguana (D:7)
  Ijyb (D:5)
  9 orc wizards
  13 gnolls
  5 adders
  3 shadow imps
  4 white imps
  An ufetubus (D:7)
  A worm (D:4)
  4 dart slugs
  58 orcs
  A ball python (D:4)
  2 bats (D:1)
  7 endoplasms
  3 giant cockroaches
  4 goblins
  10 hobgoblins
  8 jackals
  3 quokkas
  3 frilled lizards
  16 kobolds
  3 rats
336 creatures vanquished.

Vanquished Creatures (collateral kills)
  The ghost of Nyony the Fighter, a journeyman TrSh of Gozag (Lair:1)
  A molten gargoyle (Gauntlet)
  6 yaks (Lair:2)
8 creatures vanquished.

Grand Total: 344 creatures vanquished

Notes
Turn   | Place    | Note
-------+----------+-------------------------------------------
     0 | D:1      | jasper the Deep Elf Berserker began the quest for the Orb.
     0 | D:1      | Reached XP level 1. HP: 13/13 MP: 3/3
   250 | D:1      | Reached XP level 2. HP: 18/18 MP: 4/4
   415 | D:1      | Found Neipho's Assorted Antiques.
   420 | D:1      | Bought a bubbling golden potion for 22 gold pieces
  1079 | D:2      | Found a faded altar of an unknown god.
  1286 | D:2      | Reached XP level 3. HP: 21/22 MP: 5/5
  2155 | D:3      | Reached skill level 5 in Short Blades
  2155 | D:3      | Reached XP level 4. HP: 27/27 MP: 6/6
  2609 | D:3      | Reached ** piety under Trog
  2923 | D:4      | Noticed a phantom
  2943 | D:4      | Killed a phantom
  2944 | D:4      | Reached XP level 5. HP: 31/31 MP: 7/7
  3017 | D:4      | Found a shimmering altar of Xom.
  3075 | D:4      | Reached XP level 6. HP: 36/36 MP: 8/8
  3423 | D:4      | Found a staircase to the Ecumenical Temple.
  3663 | D:5      | Entered Level 5 of the Dungeon
  4098 | D:5      | Noticed Menkaure
  4105 | D:5      | Killed Menkaure
  4106 | D:5      | Reached XP level 7. HP: 40/40 MP: 9/9
  4175 | D:5      | Noticed Ijyb
  4249 | D:5      | Killed Ijyb
  4336 | D:5      | Found a runed translucent door.
  4337 | D:5      | Noticed Crazy Yiuf
  4988 | D:5      | Killed Crazy Yiuf
  5075 | D:6      | Reached XP level 8. HP: 43/45 MP: 10/10
  5102 | D:6      | Reached skill level 10 in Short Blades
  5258 | D:6      | Reached skill level 1 in Stealth
  5258 | D:6      | Reached skill level 1 in Evocations
  5287 | D:6      | Reached skill level 3 in Dodging
  5741 | D:6      | Noticed Pikel
  5767 | D:6      | Killed Pikel
  5768 | D:6      | Reached skill level 4 in Dodging
  6111 | D:6      | Reached XP level 9. HP: 44/51 MP: 11/11
  6395 | D:6      | Found an iron altar of Okawaru.
  6633 | D:6      | Noticed Sigmund
  6651 | D:6      | Killed Sigmund
  6738 | D:6      | Found a radiant altar of Vehumet.
  6780 | D:6      | Reached *** piety under Trog
  7077 | D:7      | Reached skill level 5 in Dodging
  7312 | D:7      | Reached skill level 5 in Stealth
  7795 | D:8      | Reached skill level 1 in Throwing
  7855 | D:8      | Identified the +4 sling "Beastslayer" {freeze, SInv}
  8178 | D:8      | Reached skill level 6 in Dodging
  8357 | D:8      | Found a white marble altar of Elyvilon.
  8583 | D:8      | Reached **** piety under Trog
  8863 | D:9      | Reached skill level 5 in Evocations
  8863 | D:9      | Reached XP level 10. HP: 49/56 MP: 12/12
  9201 | D:9      | Identified the ring "Mufuw" {rC+ Dex+6}
  9286 | D:9      | Found a staircase to the Orcish Mines.
  9887 | D:9      | Reached skill level 5 in Fighting
 10169 | D:9      | Reached skill level 7 in Dodging
 10447 | Orc:1    | Entered Level 1 of the Orcish Mines
 10459 | D:10     | Entered Level 10 of the Dungeon
 11140 | D:10     | Found an opulent altar of Gozag.
 11327 | D:10     | Reached skill level 5 in Armour
 11402 | D:11     | Noticed an elephant
 11543 | D:11     | Killed an elephant
 11544 | D:11     | Reached skill level 5 in Throwing
 11649 | D:11     | Found a staircase to the Lair.
 12136 | D:11     | Reached XP level 11. HP: 64/64 MP: 13/13
 12299 | D:11     | Found Dipsar's Assorted Antiques.
 12307 | D:11     | Bought a warped silver ring for 125 gold pieces
 12307 | D:11     | Identified the ring of the Queen {rN+ Str+3} (You bought it
                  | in a shop on level 11 of the Dungeon)
 12307 | D:11     | Bought a bubbling silvery potion for 22 gold pieces
 12307 | D:11     | Bought a potion of enlightenment for 125 gold pieces
 12307 | D:11     | Bought a scroll of fog for 100 gold pieces
 12384 | Lair:1   | Entered Level 1 of the Lair of Beasts
 12486 | Lair:1   | Reached skill level 8 in Dodging
 12541 | Lair:1   | Found a gate leading to a gauntlet.
 12551 | Gauntlet | Entered a Gauntlet
 12551 | Gauntlet | Found a transporter.
 12554 | Gauntlet | Found a transporter.
 12556 | Gauntlet | Noticed a catoblepas
 12570 | Gauntlet | Found a transporter.
 12574 | Gauntlet | Found a transporter.
 12584 | Gauntlet | Noticed a death yak
 12585 | Gauntlet | Noticed a death yak
 12586 | Gauntlet | Noticed a death yak
 12592 | Gauntlet | Found a transporter.
 12596 | Gauntlet | Noticed a necromancer
 12605 | Gauntlet | Found a transporter.
 12606 | Gauntlet | Found a runed translucent door.
 12610 | Gauntlet | Found a transporter.
 12614 | Gauntlet | Found a transporter.
 12622 | Gauntlet | Noticed a fire crab
 12624 | Gauntlet | Found a runed translucent door.
 12641 | Gauntlet | Found a transporter.
 12643 | Gauntlet | Noticed a catoblepas
 12649 | Gauntlet | Found a transporter.
 12649 | Gauntlet | Found a transporter.
 12653 | Gauntlet | Noticed a hell hog
 12657 | Gauntlet | Found a transporter.
 12726 | Gauntlet | Noticed a wretched star
 12748 | Gauntlet | HP: 3/64 [fire bat (7)]
 12963 | Gauntlet | Identified the amulet of Gozag's Fury {Reflect rPois rN+
                  | Int+4 SH+5}
 13098 | Gauntlet | Identified the +1 trident "Zoer Bewn" {freeze, Str+3 Int+3}
 13098 | Gauntlet | Noticed a minotaur
 13111 | Gauntlet | Killed a minotaur
 13715 | Lair:1   | Reached skill level 9 in Dodging
 13833 | Lair:1   | Noticed a boulder beetle
 13883 | Lair:1   | Killed a boulder beetle
 14515 | Lair:1   | Reached skill level 10 in Stealth
 14627 | Lair:1   | Found a large runed translucent door.
 14627 | Lair:1   | Found a large runed translucent door.
 14629 | Lair:1   | Noticed Nyony's ghost (journeyman TrSh)
 15093 | Lair:1   | Killed Nyony's ghost
 15196 | Lair:2   | Reached XP level 12. HP: 72/72 MP: 14/14
 15213 | Lair:2   | Reached skill level 10 in Dodging
 15634 | Lair:2   | Noticed a four-headed hydra
 15656 | Lair:2   | Killed a four-headed hydra
 15928 | Lair:2   | Noticed a seven-headed hydra
 16420 | Lair:1   | Killed a seven-headed hydra
 16955 | Orc:1    | Paralysed by an orc sorcerer for 3 turns
 16968 | Orc:1    | Reached skill level 11 in Dodging
 17767 | Orc:2    | Entered Level 2 of the Orcish Mines
 18203 | Orc:2    | Noticed an orc high priest
 18206 | Orc:2    | Noticed an orc high priest
 18206 | Orc:2    | Noticed an orc high priest
 18517 | Orc:2    | Killed an orc high priest
 18601 | Orc:2    | HP: 1/75 [orc warrior/+0 glaive (7)]
 18802 | Orc:2    | Paralysed by an orc sorcerer for 3 turns
 18923 | Orc:2    | Noticed an orc high priest
 18956 | Orc:2    | Killed an orc high priest
 19217 | Orc:2    | Demolished by an ogre

Illustrated notes

Levels and vault maps discovered:
D:1:      matt_arrival_grand_opening, layout_basic, serial_shops, shop,
          minmay_misc_feat_room, minivault_19
D:2:      layout_basic, shapermc_ecumenical_altar_mp_ritualfount
D:3:      layout_basic, st_stairs_12, minmay_misc_feat_more_columns,
          wander_ebering_terrifying_dragon_lair
D:4:      layout_rooms, xom_butterflies, temple_doors_ab,
          kennysheep_minor_cross, minmay_fractal_squares_5
D:5:      layout_basic, uniq_crazy_yiuf_cottage, uniq_menkaure, uniq_ijyb
D:6:      layout_loops_corners, lemuel_round_altar, nicolae_vehumet_radiance,
          minmay_diced_spiral, uniq_pikel, uniq_sigmund
D:7:      layout_gridville
D:8:      layout_loops_ring, elyvilon_altar_5, dk_vineyard_3
D:9:      layout_loops_corners, orc_0_dummy, hangedman_abyss_or_decor_stagger,
          corexii_hall_statues_u, minmay_variable_closet, kennysheep_diamond
D:10:     layout_gridville, grunt_gozag_statues
D:11:     layout_rooms, david_lair_generic, serial_shops, nicolae_square_shop
Lair:1:   layout_cave_pods, gauntlet_entry_generic, ebering_ghost_disaster_area,
          grunt_megastairs_4
Lair:2:   layout_chaotic_city, minmay_swamp_entry_swarm, grunt_megastairs_5,
          lemuel_fruit_fields, serial_bayou_shore_b
Orc:1:    cheibrodos_orc_guarddog, layout_caves, lightli_orcish_oven
Orc:2:    grunt_orc_gardens, layout_diamond_mine, grunt_orc_garden,
          grunt_orc_garden, grunt_orc_garden, grunt_orc_garden, basic_altar

Skill      XL: |  1  2  3  4  5  6  7  8  9 10 11 12 |
---------------+-------------------------------------+-----
Short Blades   | 4 5 6 8 9 10 | 10.0
Stealth        | 3 6 8 10 | 10.0
Evocations     | 3 5 7 |  7.7
Armour         | 2 4 5 6 8 |  8.2
Dodging        | 4 6 7 9 11 | 11.6
Fighting       | 3 4 5 7 8 |  8.4
Throwing       | 2 5 |  5.0

Action                     |  1- 3 |  4- 6 |  7- 9 | 10-12 || total
---------------------------+-------+-------+-------+-------++-------
  Melee: Short sword       |   180 |   260 |   864 |  2243 ||  3547
         Punch             |     1 |     2 |    12 |    34 ||    49
  Throw: Boomerang         |    18 |    11 |     3 |    30 ||    62
         Dart              |       |       |       |    23 ||    23
         Throwing net      |       |       |       |     1 ||     1
 Invoke: Berserk           |     3 |     3 |    10 |    11 ||    27
         Brothers in Arms  |       |       |       |     1 ||     1
         Trog's Hand       |       |       |       |     7 ||     7
  Evoke: Wand              |       |       |       |    14 ||    14
         Box of beasts     |       |       |       |     1 ||     1
         Condenser vane    |       |       |       |     1 ||     1
    Use: Scroll            |     5 |     7 |    12 |    12 ||    36
         Potion            |       |     1 |       |     2 ||     3
   Stab: Invisible         |       |       |       |    20 ||    20
         Held in net/web   |       |       |       |     3 ||     3
         Sleeping          |       |       |       |     8 ||     8
         Petrified         |       |       |       |     1 ||     1
 Armour: Animal skin       |    18 |       |       |       ||    18
         Leather armour    |    23 |       |       |       ||    23
         Chain mail        |    53 |   123 |   320 |   335 ||   831
         Quicksilver drago |       |       |       |   458 ||   458
  Dodge: Dodged            |    67 |    76 |   294 |  1233 ||  1670
  Block: Other             |     6 |    32 |   108 |   379 ||   525
         Reflection        |     1 |       |     2 |     4 ||     7

Table legend: (Time is in decaauts)
 A = Elapsed time spent in this place.
 B = Non-inter-level travel time spent in this place.
 C = Inter-level travel time spent in this place.
 D = Time resting spent in this place.
 E = Time spent auto-exploring this place.
 F = Levels seen in this place.
 G = Mean time per level.
                   A        B        C        D        E       F      G
               +--------+--------+--------+--------+--------+-----+--------+
         Total |  17599 |  16715 |    884 |   1714 |  10693 |  16 | 1099.9 |
       Dungeon |  11638 |  11180 |    458 |    795 |   7811 |  11 | 1058.0 |
          Lair |   3021 |   2729 |    292 |    391 |   1485 |   2 | 1510.5 |
  Orcish Mines |   2148 |   2015 |    133 |    188 |   1110 |   2 | 1074.0 |
      Gauntlet |    790 |    790 |      0 |    339 |    287 |   1 |  790.0 |
               +--------+--------+--------+--------+--------+-----+--------+

Top non-repeatable levels by time:
  Lair:1: 2306 daAuts
     D:6: 1681 daAuts
     D:9: 1580 daAuts
   Orc:1: 1530 daAuts
     D:5: 1362 daAuts
     D:2: 977 daAuts
     D:1: 958 daAuts
     D:3: 945 daAuts
    D:10: 937 daAuts
     D:8: 926 daAuts
    D:11: 806 daAuts
Gauntlet: 790 daAuts
     D:7: 753 daAuts
  Lair:2: 715 daAuts
     D:4: 709 daAuts
